Map: Tacit Sanctity LE

Players

coefes

  • Race: Terran Terran
  • League: Diamond

RickHhunter

  • Race: Terran Terran

Norbis

  • Race: Protoss Protoss

PandaCushion - Winner!

  • Race: Protoss Protoss
  • League: Platinum

Acru - Winner!

  • Race: Terran Terran
  • League: Diamond

DjBootyClap - Winner!

  • Race: Protoss Protoss

VOD

Have the link to the VOD?

Description

Time

  • Played on: April 9, 2026, 9:34 p.m.
  • Length: 30:41
Show
View Real Time Build Order
Export as new Build Order

coefes Terran 

Build Orders:  

Get SALT Encoding   

  12  0:01  SCV  
  13  0:17  Supply Depot  
  13  0:18  SCV  
  14  0:27  Refinery  
  14  0:33  SCV  
  15  0:42  Barracks  
  15  0:54  SCV  
  16  1:02  Barracks  
  16  1:10  SCV  
  17  1:23  Barracks  
  17  1:25  SCV  
  18  1:31  Reaper  
  20  1:40  SCV, Refinery  
  20  1:51  Supply Depot  
  20  1:54  Reaper  
  20  2:00  SCV  
  22  2:09  Reaper  
  22  2:13  Reaper  
  22  2:14  SCV  
  25  2:24  Supply Depot  
  25  2:26  Reaper  
  26  2:41  Reaper  
  27  2:59  Reaper x2  
  29  3:13  Reaper  
  30  3:42  Reaper x2  
  30  3:45  Reaper  
  33  4:14  Reaper x2  
  33  4:15  Orbital Command  
  35  4:17  Reaper  
  36  4:28  Command Center  
  36  4:29  Refinery  
  36  4:46  Reaper  
  34  4:53  Refinery  
  34  4:57  Reaper  
  35  5:07  Reaper  
  36  5:19  Supply Depot  
  37  5:41  Supply Depot  
  37  5:42  Orbital Command, Supply Depot  
  37  5:48  Barracks Tech Lab  
  36  5:58  Barracks Reactor, Factory  
  36  5:59  Factory  
  36  6:00  Barracks Tech Lab  
  36  6:01  Factory  
  36  6:02  SCV  
  37  6:06  Marine  
  38  6:14  SCV  
  39  6:20  SCV  
  40  6:26  SCV  
  40  6:30  Stimpack  
  40  6:31  Combat Shield  
  40  6:32  SCV  
  42  6:39  SCV  
  43  6:44  SCV  
  43  6:45  Factory Reactor x2, Factory Tech Lab  
  44  6:51  SCV  
  44  6:52  Starport  
  45  6:56  SCV  
  46  7:02  Supply Depot, Marine  
  46  7:03  SCV  
  46  7:04  Supply Depot  
  46  7:06  Supply Depot  
  49  7:08  SCV  
  49  7:15  SCV  
  50  7:20  SCV  
  51  7:25  Marine x4  
  51  7:28  Widow Mine x3  
  51  7:29  Widow Mine x2  
  65  7:32  SCV x2  
  65  7:36  Starport Reactor  
  67  7:42  Marine  
  67  7:43  Marine x2  
  70  7:44  SCV  
  71  8:43  Marine x2  
  71  8:44  Widow Mine  
  71  8:45  Widow Mine x3  
  71  8:46  Medivac x2  
  85  8:57  Engineering Bay  
  85  8:58  Armory  
  85  9:00  Supply Depot  
  85  9:01  Engineering Bay  
  85  9:02  Supply Depot  
  85  9:06  Ghost Academy  
  85  9:07  Ghost Academy x2  
  85  9:08  Ghost Academy  
  85  9:11  Ghost Academy  
  85  9:13  Ghost Academy  
  85  9:16  Medivac  
  87  9:24  Supply Depot  
  87  9:29  Terran Infantry Weapons Level 1, Terran Infantry Armor Level 1  
  87  9:32  SCV x2  
  76  9:53  Personal Cloaking  
  76  9:54  Nuke x3  
  76  9:57  Nuke  
  74  10:32  Command Center  
  74  10:34  Refinery  
  68  10:59  Refinery  
  68  11:02  Ghost x2  
  68  11:05  Widow Mine  
  68  11:06  Widow Mine x4  
  68  11:07  Marine  
  79  11:17  Marine  
  80  11:25  Marine  
  81  11:27  Widow Mine x4  
  81  11:31  Ghost x2  
  93  11:35  Marine  
  92  11:42  Marine  
  92  11:43  Command Center  
  92  11:46  Unknown, Supply Depot  
  87  11:53  Marine  
  85  12:00  Marine x3  
  70  12:08  Siege Tank  
  70  12:10  Supply Depot  
  70  12:11  Marine  
  74  12:17  Marine  
  74  12:18  Marine x2  
  74  12:19  Supply Depot, Nuke  
  74  12:20  Nuke  
  77  12:28  Marine  
  78  12:33  Widow Mine  
  78  12:34  Widow Mine x2  
  78  12:35  Marine x2  
  78  12:36  Marine  
  87  12:40  Siege Tank  
  83  12:46  Marine  
  84  12:53  Marine x2  
  84  12:54  Marine, Nuke  
  84  12:55  Nuke x3  
  54  13:13  Siege Tank  
  54  13:19  Marine  
  53  13:31  Marine x3  
  44  13:37  Marine  
  36  13:45  Siege Tank  
  35  13:48  Marine x3  
  35  13:54  Marine  
  35  14:06  Marine x3  
  38  14:12  Marine  
  39  14:17  Siege Tank  
  42  14:24  Marine x3  
  42  14:30  Marine  
  45  14:42  Command Center, Marine x2  
  45  14:43  Command Center  
  47  14:49  Siege Tank, SCV x2  
  52  15:01  SCV  
  38  15:17  SCV x2, Marine  
  34  15:29  Siege Tank, SCV  
  34  15:31  Marine  
  33  15:39  Marine  
  33  15:40  Marine  
  33  15:53  Terran Vehicle Weapons Level 1  
  32  16:01  Siege Tank  
  29  16:33  Siege Tank  
  27  16:48  Marine  
  27  16:52  Orbital Command  
  28  17:02  Orbital Command  
  28  17:05  Command Center, Siege Tank  
  31  17:09  SCV  
  32  17:21  SCV  
  33  17:30  SCV x2  
  33  17:34  SCV  
  36  17:37  Siege Tank  
  36  17:42  SCV  
  36  17:43  SCV  
  41  17:46  SCV  
  42  18:05  Refinery  
  40  18:33  SCV  
  41  18:51  Marine  
  41  18:52  Siege Tank  
  45  19:03  SCV x3  
  48  19:15  SCV  
  42  19:22  Marine  
  31  19:24  Siege Tank  
  31  19:38  Marine  
  30  19:42  Factory Tech Lab  
  30  19:52  Marine x2  
  29  19:53  Marine x2  
  29  19:56  Marine, Siege Tank  
  29  19:58  Siege Tank  
  35  20:10  Marine x2  
  35  20:11  Marine x2  
  35  20:13  Marine  
  39  20:19  Siege Tank  
  42  20:27  Orbital Command  
  42  20:28  Marine x2, Siege Tank  
  36  20:29  Marine x2  
  36  20:31  Marine  
  42  20:46  Marine x4  
  42  20:49  Marine  
  47  21:01  Siege Tank x3  
  47  21:04  Marine x2  
  58  21:15  Orbital Command  
  58  21:32  Marine  
  59  21:33  Siege Tank  
  62  21:53  SCV x2  
  64  22:05  SCV x2  
  66  22:09  Command Center  
  66  22:11  Terran Vehicle Weapons Level 2  
  66  22:17  SCV x2  
  68  22:24  Refinery  
  68  22:25  Refinery  
  68  22:29  SCV  
  69  22:30  SCV  
  69  22:31  Marine  
  71  22:41  SCV  
  71  22:42  SCV  
  31  22:52  Siege Tank  
  31  22:53  SCV  
  34  23:16  Siege Tank x2  
  34  23:39  Orbital Command  
  34  23:41  Siege Tank  
  37  23:53  Refinery  
  37  23:55  Refinery  
  27  24:10  Siege Tank  
  30  24:28  Terran Vehicle And Ship Armor Level 1  
  30  24:31  SCV x2  
  29  24:39  Siege Tank  
  29  24:43  SCV x2  
  34  24:57  Siege Tank  
  35  25:04  Orbital Command  
  33  25:09  SCV  
  33  25:16  Siege Tank  
  33  25:21  SCV  
  37  25:28  Refinery  
  37  25:33  SCV  
  38  25:45  SCV  
  39  25:50  Siege Tank  
  39  25:51  Siege Tank  
  45  25:57  SCV x2  
  47  26:09  SCV x2  
  47  26:11  Siege Tank  
  52  26:21  Orbital Command  
  52  26:22  Viking x2  
  52  26:52  Viking  
  54  26:56  Viking  
  56  27:22  Viking  
  58  27:26  Viking  
  59  27:40  Refinery  
  59  27:42  Refinery  
  59  27:43  SCV x2  
  61  27:52  Viking  
  61  27:55  SCV x2  
  61  27:56  Viking  
  67  28:07  SCV x2  
  69  28:15  Command Center  
  69  28:19  SCV x2  
  71  28:22  Viking  
  71  28:26  Viking, Refinery, Command Center  
  75  28:28  Refinery  
  75  28:31  SCV  
  74  28:45  SCV x2  
  76  28:52  Viking  
  78  28:56  Viking  
  78  28:57  SCV  
  78  28:58  Refinery, SCV  
  78  29:00  Refinery  
  82  29:09  SCV  
  75  29:10  SCV  
  51  29:21  SCV  
  51  29:22  Viking, SCV  
  46  29:26  Viking  
  48  29:33  SCV  
  48  29:34  SCV  
  50  29:45  SCV  
  47  29:46  SCV  
  47  29:52  Viking  
Show
View Real Time Build Order
Export as new Build Order

RickHhunter Terran 

Build Orders: Reaper Expand 

Get SALT Encoding   

  12  0:01  SCV  
  13  0:19  SCV  
  14  0:26  Supply Depot  
  14  0:34  SCV  
  15  0:38  Refinery  
  15  0:51  Barracks  
  15  0:57  SCV  
  16  1:09  SCV  
  17  1:21  SCV  
  18  1:36  Command Center  
  18  1:38  Reaper  
  19  1:50  Supply Depot, SCV  
  20  2:07  SCV, Refinery  
  21  2:10  Reaper  
  22  2:19  Barracks  
  22  2:20  SCV  
  23  2:32  SCV  
  24  2:38  Supply Depot  
  24  2:44  SCV  
  25  3:42  Orbital Command  
  25  3:45  Barracks Tech Lab  
  25  3:47  Factory  
  25  3:51  Barracks Reactor  
  25  3:59  Engineering Bay  
  25  4:01  Orbital Command  
  25  4:20  Command Center  
  25  4:24  Refinery  
  25  4:32  Starport  
  25  4:33  Factory Reactor, Marine x2  
  25  4:34  Marine  
  28  4:49  Refinery  
  28  5:03  Stimpack  
  28  5:05  SCV x2  
  30  5:09  Marine x3  
  33  5:17  SCV x2  
  35  5:26  Widow Mine x2  
  35  5:28  Starport Reactor  
  39  5:30  Starport  
  39  5:34  Orbital Command  
  37  5:38  SCV x2  
  37  5:39  Marine x3  
  42  5:45  Terran Infantry Weapons Level 1  
  42  5:50  SCV  
  42  5:52  Armory  
  42  5:56  SCV  
  44  6:02  SCV  
  44  6:03  SCV  
  46  6:08  SCV  
  47  6:11  Supply Depot  
  47  6:12  Starport Reactor  
  47  6:14  SCV  
  47  6:16  SCV  
  49  6:20  SCV, Marine  
  49  6:21  Marine x2  
  53  6:26  Widow Mine x2, SCV  
  53  6:30  Supply Depot  
  53  6:31  Medivac  
  60  6:34  Medivac  
  60  6:36  SCV x2  
  60  6:38  SCV  
  65  6:52  Ghost Academy  
  65  6:54  Ghost Academy  
  65  6:55  Ghost Academy  
  65  7:01  Liberator x2  
  71  7:04  SCV x3, Factory  
  74  7:16  SCV  
  75  7:27  Personal Cloaking  
  75  7:28  Nuke  
  75  7:29  Nuke  
  75  7:31  Refinery  
  75  7:33  Refinery  
  75  7:41  Barracks  
  75  7:44  Barracks  
  75  7:48  Barracks  
  75  7:56  SCV x3  
  78  8:04  Supply Depot  
  78  8:05  Supply Depot x2  
  78  8:06  Factory Tech Lab  
  78  8:08  SCV x3  
  78  8:09  Supply Depot  
  81  8:13  Ghost  
  83  8:20  SCV x2  
  83  8:24  Missile Turret  
  83  8:26  SCV, Widow Mine x2  
  90  8:39  Missile Turret  
  90  8:41  Barracks Tech Lab  
  90  8:42  Barracks Tech Lab, Ghost  
  90  8:46  SCV x3  
  95  8:50  Barracks Tech Lab  
  95  8:53  Nuke  
  95  8:57  Drilling Claws  
  95  8:58  SCV x2  
  94  9:11  Ghost  
  96  9:33  Engineering Bay  
  96  9:38  Armory  
  96  9:39  Ghost  
  98  9:54  Combat Shield  
  98  9:55  Concussive Shells  
  98  10:00  SCV  
  98  10:01  SCV x2  
  98  10:03  Command Center  
  101  10:08  Ghost  
  101  10:12  SCV  
  101  10:13  SCV x2  
  106  10:24  SCV  
  106  10:25  SCV x2, Refinery  
  106  10:27  Widow Mine  
  106  10:28  Widow Mine x2  
  115  10:30  Refinery  
  115  10:34  Terran Infantry Weapons Level 2  
  115  10:35  Terran Infantry Armor Level 1  
  115  10:37  SCV x2  
  115  10:38  Terran Vehicle Weapons Level 1  
  115  10:40  Terran Ship Weapons Level 1  
  117  10:45  Supply Depot  
  117  10:46  Supply Depot  
  117  10:47  Supply Depot  
  117  10:49  Missile Turret  
  117  10:53  Supply Depot x2  
  117  10:54  Supply Depot  
  117  11:07  Marine x2, Medivac x2, Widow Mine  
  117  11:08  Marine x4, SCV, Widow Mine  
  117  11:09  Medivac x2, Widow Mine  
  117  11:11  Supply Depot  
  138  11:12  Supply Depot  
  138  11:19  Supply Depot  
  138  11:21  Supply Depot  
  138  11:22  Orbital Command  
  138  11:29  Widow Mine  
  138  11:30  Widow Mine  
  138  11:31  Widow Mine  
  144  11:48  Marauder  
  144  11:49  Marauder x3  
  144  11:50  Widow Mine  
  144  11:51  Widow Mine  
  144  11:52  Widow Mine  
  158  12:09  Marauder  
  158  12:10  Marauder x3  
  158  12:13  Widow Mine  
  164  12:29  Nuke x3  
  164  12:31  Marauder x4  
  164  12:32  Terran Vehicle And Ship Armor Level 1  
  137  12:52  Marauder  
  137  12:53  Marauder x2  
  107  13:14  Marauder  
  107  13:15  Marauder x2  
  107  13:16  Widow Mine  
  107  13:17  Widow Mine  
  103  13:31  Siege Tank  
  103  13:32  Liberator x2  
  103  13:33  Liberator x2  
  117  13:35  Marine, Marauder  
  117  13:36  Marine, Marauder  
  121  13:53  Marine  
  121  13:54  Marine  
  123  13:57  Marauder x2  
  125  14:03  Siege Tank, Orbital Command  
  128  14:15  Liberator x2  
  128  14:16  Liberator x2  
  125  14:35  Siege Tank  
  125  14:37  SCV  
  129  14:40  Refinery  
  129  14:41  Ghost  
  129  14:42  Ghost  
  133  14:56  Barracks  
  133  14:57  Barracks  
  133  14:58  Barracks, Liberator x2  
  133  14:59  Liberator x2  
  145  15:10  Ghost x2  
  113  15:36  Marine x2  
  113  15:38  Ghost  
  113  15:39  Ghost  
  116  15:54  Marine x2  
  109  16:07  Ghost x2  
  111  16:12  Marine x2, Siege Tank  
  111  16:15  Liberator  
  111  16:16  Liberator x3  
  113  16:26  Orbital Command  
  113  16:29  Marine  
  113  16:30  Marine  
  113  16:31  Barracks Tech Lab x3  
  115  16:35  Ghost  
  115  16:36  Marine  
  115  16:44  Siege Tank  
  117  16:47  Marine  
  117  16:48  Marine, Nuke x3  
  119  16:54  Marine  
  119  16:58  Liberator x4  
  132  17:04  Marine  
  133  17:47  Command Center  
  133  17:52  Command Center  
  133  17:53  Command Center  
  133  18:09  Refinery  
  133  18:13  Refinery  
  133  18:30  Supply Depot x2  
  133  18:31  Supply Depot  
  133  18:32  Supply Depot x2  
  133  18:33  Supply Depot x3  
  133  18:34  Supply Depot  
  133  18:44  SCV x3  
  133  18:45  Marauder  
  133  18:46  Marauder x2  
  133  18:47  Marauder  
  132  18:49  Marauder  
  132  18:50  Liberator  
  127  18:56  SCV x3  
  115  19:06  Marauder  
  115  19:07  Marauder x2  
  115  19:08  SCV x3, Marauder  
  106  19:11  Marauder  
  103  19:20  SCV x3  
  99  19:28  Marauder x2  
  95  19:32  SCV x3  
  95  19:33  Siege Tank  
  66  20:05  Siege Tank  
  57  20:16  Marauder x4  
  65  20:37  Marauder x2  
  65  20:38  Siege Tank, Marauder x2  
  76  20:51  Medivac x3  
  82  20:58  Marauder  
  82  20:59  Marauder x3  
  90  21:07  Ghost  
  90  21:10  Siege Tank  
  95  21:19  Ghost  
  95  21:20  Ghost x2, Marauder  
  103  21:42  Siege Tank  
  60  22:14  Siege Tank  
  63  22:30  Starport Tech Lab  
  61  22:46  Nuke x3  
  61  23:12  Fusion Core  
  45  24:15  Orbital Command  
  41  24:48  Battlecruiser  
  47  24:56  Refinery  
  47  24:58  Refinery  
  44  25:19  Command Center  
  42  25:24  Battlecruiser  
  48  25:56  Command Center  
  48  26:03  Hyperflight Rotors  
  48  26:21  Command Center  
  48  26:45  Cloaking Field  
  48  26:51  Missile Turret  
  48  26:52  Missile Turret  
  42  27:17  Orbital Command  
  36  27:23  Banshee x2  
  42  27:34  SCV  
  42  27:35  SCV x2, Starport  
  42  27:36  Starport  
  44  27:54  Missile Turret  
  44  27:55  Missile Turret  
  44  28:01  Missile Turret  
  44  28:15  Starport Reactor x2  
  37  28:41  Starport  
  37  28:53  Viking x2  
  41  28:58  Unknown  
  40  29:03  SCV  
  33  29:15  SCV  
Show
View Real Time Build Order
Export as new Build Order

Norbis Protoss 

Build Orders: Cannon Rush 

Get SALT Encoding   

  1  0:00  Probe  
  12  0:06  Probe  
  14  0:21  Pylon  
  14  0:40  Forge  
  14  0:48  Probe  
  15  1:08  Pylon  
  15  1:31  Photon Cannon, Pylon  
  15  1:32  Photon Cannon  
  15  1:47  Pylon  
  14  1:55  Photon Cannon  
  14  1:58  Photon Cannon  
  14  2:02  Pylon  
  14  2:13  Photon Cannon  
  14  2:23  Photon Cannon  
  14  2:28  Photon Cannon  
  14  2:35  Photon Cannon  
  14  2:46  Photon Cannon  
  14  3:08  Gateway  
  14  3:12  Probe  
  15  3:20  Probe  
  16  3:30  Probe  
  17  3:41  Assimilator  
  17  3:42  Probe  
  17  3:45  Assimilator  
  17  4:00  Nexus  
  17  4:17  Cybernetics Core  
  17  4:23  Probe, Pylon  
  18  4:31  Probe  
  19  4:43  Probe  
  20  4:51  Probe  
  20  4:59  Probe  
  22  5:10  Probe  
  23  5:16  Probe, Stargate  
  24  5:22  Probe  
  24  5:24  Probe  
  26  5:34  Probe  
  27  5:36  Assimilator  
  27  5:38  Assimilator  
  27  5:40  Pylon  
  27  5:43  Probe x2  
  29  5:52  Probe  
  29  5:55  Probe  
  31  6:01  Probe  
  32  6:04  Probe  
  33  6:13  Probe x2  
  33  6:17  Stargate  
  35  6:21  Probe  
  35  6:25  Probe  
  37  6:32  Gateway  
  37  6:40  Pylon  
  37  6:45  Stargate  
  37  6:48  Pylon  
  37  6:50  Probe  
  37  6:51  Probe  
  39  7:01  Oracle  
  39  7:02  Probe  
  39  7:03  Probe  
  39  7:08  Oracle  
  47  7:14  Probe  
  48  7:28  Probe x2  
  50  7:32  Oracle  
  53  7:38  Oracle  
  53  7:40  Probe  
  53  7:41  Probe  
  58  7:52  Probe  
  58  7:53  Probe  
  60  8:00  Nexus  
  60  8:03  Pylon  
  60  8:04  Probe  
  60  8:05  Probe  
  62  8:07  Pylon  
  62  8:10  Assimilator  
  62  8:13  Assimilator  
  62  8:16  Probe  
  62  8:17  Probe  
  64  8:28  Probe  
  64  8:29  Probe, Nexus  
  66  8:41  Probe x2  
  67  8:44  Cybernetics Core  
  68  8:53  Probe x2  
  70  9:05  Probe x2  
  70  9:08  Assimilator  
  72  9:10  Pylon  
  72  9:13  Pylon  
  72  9:17  Assimilator  
  72  9:21  Pylon  
  72  9:29  Oracle x3  
  81  9:37  Stargate  
  81  9:38  Stargate  
  81  9:45  Stargate  
  81  9:54  Stargate  
  81  9:56  Stargate  
  81  9:58  Stargate  
  81  9:59  Stargate  
  81  10:08  Probe x4  
  85  10:20  Probe x4  
  89  10:23  Pylon  
  89  10:26  Pylon  
  89  10:27  Oracle x2  
  95  10:29  Oracle, Pylon  
  95  10:32  Probe x2  
  95  10:33  Probe x2, Oracle  
  105  10:44  Protoss Air Weapons Level 1, Protoss Air Armor Level 1, Probe  
  105  10:45  Probe x3  
  109  10:56  Probe  
  111  10:57  Probe x3  
  113  11:12  Oracle  
  113  11:13  Oracle x9  
  143  11:37  Pylon  
  143  11:38  Pylon  
  143  11:40  Pylon  
  143  11:42  Pylon  
  143  11:44  Pylon  
  143  11:45  Pylon  
  86  12:28  Oracle x6  
  86  12:29  Oracle x3  
  67  14:39  Nexus  
  67  14:40  Nexus  
  67  14:44  Pylon  
  67  14:45  Pylon  
  67  14:47  Oracle  
  67  14:48  Oracle x7  
  67  14:50  Pylon  
  67  14:52  Pylon  
  91  14:54  Pylon  
  91  14:55  Pylon  
  91  14:56  Pylon x2  
  91  15:00  Probe  
  91  15:01  Probe  
  91  15:03  Assimilator  
  93  15:07  Assimilator  
  93  15:11  Assimilator  
  93  15:12  Probe  
  93  15:13  Probe  
  95  15:17  Assimilator  
  95  15:24  Probe  
  95  15:25  Oracle x2, Probe  
  103  15:36  Probe  
  103  15:37  Probe  
  105  15:48  Probe  
  105  15:49  Probe  
  92  16:13  Oracle  
  92  16:14  Oracle x6  
  92  16:16  Oracle  
  53  17:21  Probe  
  53  17:22  Probe x2  
  52  17:33  Probe  
  52  17:34  Probe x2  
  55  17:41  Nexus  
  55  17:44  Pylon  
  55  17:45  Probe  
  55  17:46  Probe x2, Pylon  
  55  17:48  Pylon  
  58  17:58  Probe x2  
  57  18:10  Probe x2  
  49  18:24  Nexus  
  49  18:33  Nexus  
  49  18:40  Probe x2  
  51  18:52  Probe x2  
  53  19:04  Probe x2  
  55  19:16  Probe  
  55  19:17  Probe  
  57  19:28  Probe  
  57  19:29  Probe  
  57  19:31  Fleet Beacon  
  59  19:37  Probe  
  60  19:40  Probe  
  60  19:41  Probe  
  62  19:49  Probe  
  62  19:52  Probe  
  64  19:53  Probe  
  64  19:56  Shield Battery  
  64  19:57  Shield Battery  
  65  20:01  Probe  
  65  20:02  Assimilator  
  65  20:04  Probe, Assimilator  
  65  20:05  Probe  
  68  20:13  Probe  
  68  20:17  Probe x2  
  70  20:25  Probe  
  71  20:32  Tempest  
  71  20:33  Tempest x3  
  73  20:57  Tempest  
  73  20:58  Tempest  
  77  21:07  Assimilator  
  69  21:39  Probe x4  
  73  21:43  Protoss Air Weapons Level 2, Protoss Air Armor Level 2  
  73  21:51  Probe x2  
  73  21:52  Probe  
  76  21:55  Nexus  
  76  21:59  Tempest  
  80  22:07  Pylon  
  80  22:14  Nexus  
  80  22:21  Probe x4  
  55  23:20  Pylon  
  55  23:22  Pylon  
  55  23:26  Pylon  
  49  23:51  Robotics Facility x2  
  49  23:54  Robotics Facility x2  
  49  23:56  Robotics Facility  
  49  23:57  Robotics Facility  
  49  24:05  Assimilator  
  49  24:06  Assimilator  
  67  24:20  Void Ray x3  
  71  24:27  Shield Battery  
  71  24:28  Void Ray  
  71  24:36  Shield Battery  
  71  24:37  Shield Battery  
  71  24:39  Pylon  
  71  24:47  Immortal  
  71  24:50  Immortal  
  79  24:56  Cybernetics Core  
  75  25:06  Immortal x3  
  78  25:23  Assimilator, Immortal  
  78  25:24  Immortal  
  78  25:26  Assimilator  
  80  26:00  Probe x2  
  81  26:08  Probe  
  81  26:09  Probe  
  82  26:17  Probe  
  71  26:18  Probe  
  47  26:29  Probe  
  46  26:41  Probe  
Show
View Real Time Build Order
Export as new Build Order

PandaCushion Protoss - Winner!

Build Orders: 1 Gate Expand 

Get SALT Encoding   

  12  0:00  Probe  
  13  0:12  Probe  
  14  0:18  Pylon  
  14  0:24  Probe  
  15  0:36  Probe  
  15  0:37  Gateway  
  16  0:43  Assimilator  
  16  0:48  Probe  
  17  1:01  Probe  
  18  1:13  Probe  
  19  1:25  Cybernetics Core, Probe  
  20  1:36  Nexus  
  20  1:41  Probe  
  20  1:46  Pylon  
  21  1:53  Probe, Stalker  
  22  1:55  Assimilator  
  22  2:04  Warp Gate  
  24  2:17  Probe  
  24  2:20  Gateway  
  25  2:35  Twilight Council  
  25  2:38  Probe  
  24  4:26  Probe  
  25  4:38  Probe x2, Templar Archives  
  27  4:46  Probe  
  28  4:56  Probe  
  25  5:41  Stalker x2  
  29  6:02  Assimilator  
  29  6:03  Assimilator  
  29  6:07  Pylon  
  29  8:03  Probe  
  30  8:15  Probe  
  23  8:46  Stalker x2  
  19  15:41  Probe  
  19  15:42  Stalker x2  
  13  16:58  Probe  
  14  17:10  Probe  
  16  17:22  Probe  
  16  17:35  Probe  
  17  17:47  Probe  
  15  21:47  Probe  
  15  21:59  Probe  
  16  22:11  Probe  
  17  22:23  Probe  
  18  22:35  Probe  
Show
View Real Time Build Order
Export as new Build Order

Acru Terran - Winner!

Build Orders: 2 Factory, Mech 

Get SALT Encoding   

  12  0:00  SCV  
  13  0:12  SCV  
  14  0:21  Supply Depot  
  14  0:24  SCV  
  15  0:32  Refinery  
  15  0:42  SCV  
  16  0:46  Barracks  
  16  0:54  SCV  
  17  1:06  SCV  
  18  1:18  SCV  
  18  1:19  Supply Depot  
  19  1:31  SCV  
  20  1:43  Factory  
  20  1:44  Orbital Command  
  20  1:47  Refinery  
  20  2:11  SCV  
  21  2:23  SCV  
  21  2:27  Factory Tech Lab  
  22  2:31  Barracks  
  22  2:37  SCV  
  23  2:46  Siege Tank  
  23  2:49  SCV  
  23  2:51  Marine  
  28  2:57  Supply Depot  
  28  3:01  SCV  
  29  3:12  Factory  
  29  3:14  SCV  
  29  3:18  Siege Tank  
  33  3:22  Command Center  
  33  3:49  Marine x2  
  33  3:50  Siege Tank  
  38  4:00  Factory Tech Lab  
  38  4:06  Marine  
  39  4:19  Supply Depot  
  39  4:21  Marine  
  39  4:23  Siege Tank, Supply Depot  
  43  4:28  Marine  
  44  4:32  SCV  
  44  4:34  Command Center  
  44  4:37  Siege Tank  
  48  4:38  Marine  
  46  4:46  Marine  
  42  4:54  Orbital Command  
  42  4:55  Siege Tank  
  42  5:04  Refinery  
  42  5:10  Siege Tank  
  45  5:27  Siege Tank  
  48  5:42  Siege Tank  
  51  5:45  SCV x2  
  51  5:48  Orbital Command  
  53  5:59  Siege Tank  
  53  6:01  Factory  
  53  6:02  Factory  
  53  6:03  Factory  
  56  6:14  Siege Tank  
  59  6:34  Cyclone  
  62  6:45  Factory Tech Lab x2  
  62  6:46  Factory Tech Lab  
  62  7:07  Command Center  
  62  7:12  Orbital Command  
  62  7:16  Refinery  
  62  7:28  Armory, SCV x2  
  62  7:29  Armory  
  64  7:40  SCV x2  
  64  7:41  SCV  
  67  7:52  SCV  
  67  7:53  SCV x2  
  70  8:01  Supply Depot  
  70  8:02  Supply Depot  
  70  8:03  Supply Depot  
  70  8:05  SCV x2  
  72  8:15  Thor  
  72  8:16  Thor  
  72  8:17  SCV  
  72  8:18  Thor x2, SCV  
  98  8:22  Thor  
  104  8:29  SCV  
  104  8:32  Supply Depot  
  105  8:45  Factory  
  105  8:46  Factory  
  105  8:53  Supply Depot  
  105  8:58  Orbital Command, Thor  
  105  8:59  Thor  
  105  9:01  Thor x2  
  129  9:15  Thor  
  135  9:17  Supply Depot, Orbital Command  
  135  9:22  Refinery  
  135  9:23  Engineering Bay  
  135  9:24  Terran Vehicle Weapons Level 1, Terran Vehicle And Ship Armor Level 1  
  135  9:40  Refinery, Supply Depot  
  135  9:41  Thor  
  135  9:43  Engineering Bay  
  135  10:01  SCV  
  135  10:02  SCV x2  
  135  10:03  Supply Depot  
  138  10:09  Thor x2  
  138  10:10  Factory Tech Lab x2  
  150  10:20  SCV  
  151  10:26  Missile Turret  
  151  10:27  Missile Turret  
  151  10:30  Missile Turret  
  151  10:31  Refinery  
  151  10:32  SCV, Thor x3  
  151  10:33  Thor x2, Refinery  
  182  10:47  Missile Turret x2  
  182  10:52  Thor x2  
  182  10:55  Command Center  
  194  10:58  Command Center  
  194  11:06  SCV  
  194  11:07  SCV  
  196  11:14  SCV  
  196  11:17  Missile Turret x2  
  197  11:19  SCV  
  198  11:32  Terran Vehicle Weapons Level 2, Terran Vehicle And Ship Armor Level 2  
  193  12:10  Missile Turret  
  193  12:12  Thor, Missile Turret  
  193  12:15  Missile Turret  
  170  12:31  Orbital Command x2  
  170  12:32  Orbital Command  
  170  12:51  Missile Turret  
  164  12:52  Missile Turret  
  164  12:59  Thor x2  
  152  13:10  Thor  
  128  13:20  Thor x2  
  134  13:33  Thor x2  
  146  13:42  Thor x2  
  158  13:53  Thor  
  131  14:03  Thor x2  
  137  14:15  SCV x5  
  137  14:16  Thor x2  
  154  14:18  Terran Vehicle Weapons Level 3, Terran Vehicle And Ship Armor Level 3  
  154  14:19  SCV  
  149  14:24  Thor  
  149  14:25  Thor  
  149  14:27  SCV x5  
  149  14:31  SCV  
  149  14:36  Thor  
  143  14:43  SCV  
  144  14:46  Thor, Hellbat  
  152  14:55  SCV  
  152  14:59  Thor x2  
  165  15:01  Missile Turret  
  165  15:02  Missile Turret  
  156  15:07  SCV, Thor, Siege Tank  
  156  15:08  Siege Tank  
  157  15:25  Missile Turret  
  151  15:34  Thor x2  
  151  15:39  Thor  
  151  15:40  Thor  
  151  15:42  Siege Tank  
  154  16:29  SCV  
  154  16:30  SCV x4  
  141  16:41  SCV  
  141  16:42  SCV x4  
  140  16:50  Thor x3  
  140  16:51  Thor  
  140  16:53  SCV  
  165  16:54  SCV x4  
  169  17:05  SCV  
  170  17:10  Missile Turret  
  170  17:14  Missile Turret  
  132  17:32  Missile Turret  
  132  17:37  Hellion x2  
  132  17:38  Hellion x5  
  145  17:53  Missile Turret  
  145  17:56  Missile Turret  
  145  17:59  Hellion  
  145  18:02  Orbital Command  
  144  18:17  Hellion x3  
  150  18:29  SCV x3  
  150  18:31  SCV  
  150  18:33  Missile Turret  
  154  18:35  Missile Turret  
  154  18:41  Refinery  
  154  18:42  Refinery  
  148  18:53  Thor x3  
  157  19:06  Thor x2  
  157  19:07  Thor  
  157  19:08  Hellion  
  153  19:29  Hellion  
  155  19:36  Thor x3  
  167  20:03  Thor  
  167  20:04  Thor x3  
  171  20:09  SCV x2  
  171  20:12  SCV  
  171  20:13  SCV  
  175  20:19  Thor  
  169  20:40  Thor x2  
  179  20:45  Barracks  
  179  20:46  Thor, Barracks  
  179  20:48  Barracks  
  168  20:58  Thor  
  168  20:59  Thor  
  174  21:06  Siege Tank x2  
  180  21:23  Siege Tank  
  180  21:25  Siege Tank  
  186  21:29  Siege Tank  
  189  21:38  Siege Tank  
  192  21:40  Barracks Tech Lab x5  
  184  21:49  Command Center  
  184  21:52  Refinery  
  178  22:06  Terran Ship Weapons Level 1  
  178  22:12  Starport  
  178  22:15  Starport  
  178  22:23  Factory  
  178  22:24  Factory  
  178  22:25  Factory  
  170  22:46  Missile Turret  
  146  22:59  Fusion Core  
  146  23:07  Starport x2  
  146  23:08  Starport  
  146  23:09  Starport  
  140  23:26  Missile Turret  
  140  23:27  SCV  
  141  23:39  SCV  
  136  23:48  Battlecruiser x5  
  159  23:52  SCV  
  154  24:17  Weapon Refit  
  154  24:18  Terran Ship Weapons Level 2  
  154  24:33  Planetary Fortress  
  154  24:35  Missile Turret  
  154  24:40  Command Center  
  154  24:41  SCV x2  
  154  24:42  SCV, Missile Turret  
  157  24:52  Battlecruiser x3  
  169  24:56  Missile Turret  
  163  25:02  Battlecruiser x2  
  175  25:26  SCV  
  176  25:29  Factory Tech Lab  
  176  25:34  Factory Tech Lab  
  176  25:38  SCV  
  177  25:51  Missile Turret  
  177  25:56  Battlecruiser x2  
  189  26:03  Battlecruiser  
  195  26:27  Refinery  
  191  27:07  Battlecruiser  
  179  27:36  Starport Tech Lab  
  179  27:55  Battlecruiser  
  185  28:05  Planetary Fortress  
  185  28:07  Refinery  
  179  29:14  Battlecruiser  
  179  29:15  Battlecruiser x2  
Show
View Real Time Build Order
Export as new Build Order

DjBootyClap Protoss - Winner!

Build Orders:  

Get SALT Encoding   

  12  0:02  Probe  
  13  0:30  Probe  
  13  0:33  Assimilator, Pylon  
  14  0:39  Pylon  
  14  0:43  Probe  
  15  0:55  Probe  
  16  1:09  Probe  
  17  1:11  Gateway  
  17  1:21  Probe  
  18  1:33  Probe  
  17  2:10  Pylon  
  17  2:16  Probe  
  15  2:24  Probe  
  15  2:25  Forge  
  16  2:32  Probe  
  16  2:40  Probe  
  16  2:50  Probe  
  16  3:02  Probe  
  16  3:05  Photon Cannon  
  15  3:14  Probe  
  9  3:52  Photon Cannon, Pylon  
  9  3:56  Nexus  
  9  6:09  Nexus  
  9  7:45  Assimilator  
  9  7:48  Assimilator, Probe, Pylon  
  10  7:52  Pylon  
  10  8:00  Probe  
  12  8:12  Probe  
  12  8:24  Probe  
  13  8:37  Probe  
  14  8:49  Probe  
  15  10:13  Probe  
  16  10:26  Probe  
  17  10:38  Probe  
  18  10:50  Probe  
  19  11:02  Probe  
    17:15  Probe  
  1  17:27  Probe  
  2  17:39  Probe  
  3  17:51  Probe  
  4  18:03  Probe  
  5  20:12  Probe  
  5  20:20  Probe  
  7  20:30  Probe  
  8  20:42  Probe  
Tags
 
Add a new tag
Caveats
  • Supply blocks, unpowered buildings, or Contaminate may cause inaccurate times.
  • Supply counts are checked every 10 seconds.